[Event "Titled Tuesday Blitz April 19 Early 2022"]
[White "Pert, Richard G"]
[Black "Devaev, Alexander"]
[WhiteFideId "404748"]
[BlackFideId "4169395"]
[WhiteElo "2441"]
[BlackElo "2185"]
[Result "0-1"]
[Round "06"]
[TimeControl "180+1"]
[Date "2022.04.19"]
[WhiteClock "0:00:10"]
[BlackClock "0:00:11"]

1. Nf3 Nf6 2. g3 c5 3. Bg2 Nc6 4. O-O e6 5. c4 Be7 6. d4 cxd4 7. Nxd4 O-O 8. Nc3 Ne5 9. b3 d6 10. Bb2 a6 11. Rc1 Qc7 12. Qd2 Rb8 13. Rfd1 Re8 14. h3 Bf8 15. Nf3 Ned7 16. Qe3 b6 17. Ng5 Bb7 18. Nce4 Nxe4 19. Nxe4 Nc5 20. Nf6+ gxf6 21. Bxf6 h6 22. Rd4 Bxg2 23. Rg4+ Kh7 24. Kxg2 e5 25. b4 Re6 26. Qf3 Qb7 27. e4 Rxf6 28. Qxf6 Ne6 29. Rc3 Bg7 30. Qf5+ Kh8 31. Rf3 Rf8 32. Qh5 Kh7 33. Rf5 Qe7 34. a4 Nd4 35. Rfg5 Rg8 36. f4 exf4 37. e5 dxe5 38. gxf4 exf4 39. Kh1 Qe1+ 40. Rg1 Qe4+ 41. R1g2 f3 42. Rf2 Qe1+ 43. Rg1 Qxf2 44. Qg4 Ne6 45. Qf5+ Kh8 46. Qxf7 Qe2 47. Qg6 Qe5 48. Qg4 Qf6 49. Rf1 Rf8 50. Qh5 f2 51. Qe2 Ng5 52. c5 Qf3+ 53. Qxf3 Rxf3 54. cxb6 Be5 55. b7 Rxh3+ 56. Kg2 Rf3 57. b5 axb5 58. a5 Bb8 59. a6 Ba7 60. Rd1 f1=Q+ 61. Rxf1 Rxf1 62. Kxf1 b4 63. Ke2 h5 64. Kd3 h4 65. Kc4 h3 66. Kxb4 h2 67. Kb5 h1=Q 68. b8=Q+ Bxb8 69. Kb6 Qg1+ 70. Kb7 Qa7+ 71. Kc8 Be5 72. Kd8 Qxa6 73. Kd7 Qd6+ 74. Ke8 Qe6+ 75. Kf8 Bd6# 0-1


[Site "https://www.chess.com"]

[Event "Titled Tuesday Blitz April 19 Early 2022"]
[White "Pham, Tran Gia Phuc"]
[Black "Dixit, Nikhil"]
[WhiteFideId "12415669"]
[BlackFideId "5059534"]
[WhiteElo "1789"]
[BlackElo "2223"]
[Result "1-0"]
[Round "06"]
[TimeControl "180+1"]
[Date "2022.04.19"]
[WhiteClock "0:01:35"]
[BlackClock "0:00:11"]

1. e4 g6 2. d4 Bg7 3. Nc3 d5 4. e5 c5 5. Be3 cxd4 6. Bxd4 Nc6 7. f4 Nxd4 8. Qxd4 e6 9. Nf3 Ne7 10. Bd3 Nc6 11. Qf2 O-O 12. O-O f6 13. exf6 Rxf6 14. Ne2 Qb6 15. Qxb6 axb6 16. c3 Bd7 17. g3 Bf8 18. Kg2 Bd6 19. Ned4 Raf8 20. Rae1 Kg7 21. Bb5 h6 22. h4 Ra8 23. a4 Re8 24. Re2 Bc5 25. Rfe1 Nxd4 26. cxd4 Bxb5 27. axb5 Bb4 28. Ra1 Rc8 29. Ra4 Bd6 30. Ra7 Rc7 31. Ra8 Rf8 32. Rxf8 Bxf8 33. Rxe6 Rc2+ 34. Kh3 Rxb2 35. Rxb6 h5 36. Rxb7+ Kf6 37. Ne5 Bb4 38. Rb6+ Kf5 39. Rxg6 Be7 40. Rh6 Ke4 41. Rxh5 Rxb5 42. Kg4 Rb2 43. Rh7 Bb4 44. Nc6 Bc3 45. Re7+ Kd3 46. h5 Rh2 47. Kg5 Be1 48. Rxe1 1-0


[Site "https://www.chess.com"]

[Event "Titled Tuesday Blitz April 19 Early 2022"]
[White "Piesik, Piotr"]
[Black "Bas Mas, Jose Joaquin"]
[WhiteFideId "1136194"]
[BlackFideId "22219064"]
[WhiteElo "2190"]
[BlackElo "2212"]
[Result "1-0"]
[Round "06"]
[TimeControl "180+1"]
[Date "2022.04.19"]
[WhiteClock "0:00:23"]
[BlackClock "0:00:14"]

1. Nf3 e6 2. g3 f5 3. Bg2 Nf6 4. O-O Be7 5. d3 d5 6. Nbd2 O-O 7. e4 c6 8. Qe2 b6 9. Re1 Bc5 10. exf5 exf5 11. Nb3 Bd6 12. Bg5 Na6 13. Qd2 Nc7 14. Nbd4 Bd7 15. Ne5 c5 16. Bxf6 Rxf6 17. Ndc6 Bxc6 18. Nxc6 Qd7 19. Ne5 Bxe5 20. Rxe5 Re8 21. Rae1 Rxe5 22. Rxe5 d4 23. Qe2 Kf8 24. f4 g6 25. Bf3 Re6 26. g4 Qe7 27. gxf5 Rxe5 28. fxe5 Qg5+ 29. Bg2 gxf5 30. Kf2 Ke7 31. Bh3 Ne6 32. Qf3 Qd2+ 33. Kg3 Qe1+ 34. Kg2 Qxe5 35. Qxf5 Nf4+ 36. Kg3 Nh5+ 37. Kh4 Qf6+ 38. Kxh5 h6 39. Qxf6+ Kxf6 40. Kxh6 Ke5 41. Kg5 c4 42. Bf1 c3 43. b4 a5 44. bxa5 bxa5 45. h4 Kd5 46. h5 Kc5 47. h6 Kb4 48. h7 Ka3 49. h8=Q Kxa2 50. Qxd4 Kb2 51. Qb6+ Kxc2 52. Qxa5 Kd2 53. d4 1-0


[Site "https://www.chess.com"]

[Event "Titled Tuesday Blitz April 19 Early 2022"]
[White "Pinheiro, Iung Alicio de O."]
[Black "Ajay Krishna, S"]
[WhiteFideId "2104350"]
[BlackFideId "5096430"]
[WhiteElo "2553"]
[BlackElo "2247"]
[Result "1-0"]
[Round "06"]
[TimeControl "180+1"]
[Date "2022.04.19"]
[WhiteClock "0:00:06"]
[BlackClock "0:00:08"]

1. c4 c5 2. g3 Nc6 3. Bg2 g6 4. Nc3 Bg7 5. a3 e6 6. b4 Nxb4 7. axb4 cxb4 8. Nb5 Bxa1 9. Qa4 Bf6 10. Nd6+ Kf8 11. Qxb4 Kg7 12. Nh3 Ne7 13. c5 Nc6 14. Qf4 h6 15. O-O b6 16. d4 Nxd4 17. Re1 Ba6 18. Qe4 bxc5 19. Bf4 Rb8 20. Bf1 Rb4 21. Qg2 e5 22. Bd2 Rb8 23. e3 Bxf1 24. Kxf1 Nb5 25. Rd1 Nxd6 26. Bc3 Qb6 27. Qd5 Qa6+ 28. Kg1 Nc4 29. g4 Qe6 30. Qf3 e4 31. Bxf6+ Qxf6 32. Qxe4 Ne5 33. Nf4 Nxg4 34. h3 Ne5 35. Rd5 d6 36. Qg2 Kh7 37. Kh2 Rhg8 38. Qe4 Qg7 39. Rxd6 Rge8 40. Nd5 f5 41. Qf4 Rbd8 42. Nf6+ Kh8 43. Qxe5 1-0


[Site "https://www.chess.com"]

[Event "Titled Tuesday Blitz April 19 Early 2022"]
[White "Pires, Marcos Vinicius Torsani"]
[Black "Jakubowski, Krzysztof"]
[WhiteFideId "2118939"]
[BlackFideId "1112848"]
[WhiteElo "2273"]
[BlackElo "2365"]
[Result "0-1"]
[Round "06"]
[TimeControl "180+1"]
[Date "2022.04.19"]
[WhiteClock "0:00:13"]
[BlackClock "0:00:13"]

1. e4 c5 2. c3 Nf6 3. e5 Nd5 4. d4 cxd4 5. Nf3 e6 6. cxd4 d6 7. Bc4 Nb6 8. Bd3 Nc6 9. exd6 Bxd6 10. O-O Nb4 11. Be2 O-O 12. Nc3 Bd7 13. Bg5 Be7 14. Be3 Bc6 15. Ne5 Rc8 16. a3 N4d5 17. Rc1 Nxe3 18. fxe3 Bg5 19. Qd3 Bd5 20. Rcd1 Nc4 21. Nxc4 Bxc4 22. Qd2 Bxe2 23. Qxe2 Qb6 24. Ne4 Be7 25. b4 a5 26. Nc5 Rcd8 27. bxa5 Qa7 28. Qb5 Bxc5 29. dxc5 h5 30. Qb6 Qa8 31. Rd6 Rc8 32. Rd7 Rc6 33. Qxb7 Qxb7 34. Rxb7 Rxc5 35. a6 Ra5 36. a7 g5 37. Rc1 Rxa3 38. Kf2 Kg7 39. Rcc7 Kg6 40. Kf3 f6 41. h3 h4 42. Kf2 Kf5 43. Rb5+ e5 44. Rbb7 Rd8 45. Rb8 Rd2+ 46. Ke1 Rda2 47. a8=Q Rxa8 48. Rxa8 Rxa8 49. Ke2 Ra2+ 50. Kf1 Ke4 51. Rc3 Rd2 52. Rc6 f5 53. Rg6 Kxe3 54. Rxg5 Rd1# 0-1


[Site "https://www.chess.com"]

[Event "Titled Tuesday Blitz April 19 Early 2022"]
[White "Popadic, Dragan"]
[Black "Samant Aditya S"]
[WhiteFideId "913650"]
[BlackFideId "35080580"]
[WhiteElo "2203"]
[BlackElo "1916"]
[Result "0-1"]
[Round "06"]
[TimeControl "180+1"]
[Date "2022.04.19"]
[WhiteClock "0:00:03"]
[BlackClock "0:00:03"]

1. e4 c5 2. Nc3 Nc6 3. f4 g6 4. Nf3 Bg7 5. Bc4 e6 6. f5 Nge7 7. fxe6 dxe6 8. d3 O-O 9. O-O Nd4 10. Nxd4 cxd4 11. Ne2 a6 12. Bd2 b5 13. Bb3 Nc6 14. Qe1 Qe7 15. Nf4 a5 16. a4 b4 17. Qg3 Bd7 18. Rf2 Ne5 19. h3 Kh8 20. Raf1 Bc6 21. Kh1 Nd7 22. Ne2 Nc5 23. Bg5 f6 24. Nxd4 Bxa4 25. Bxa4 Nxa4 26. Bc1 Nc5 27. b3 Rac8 28. Nf3 e5 29. Nh2 Ne6 30. Ng4 Nd4 31. Ne3 Qe6 32. Nc4 Ra8 33. Bb2 Nc6 34. Nb6 Rab8 35. Nc4 Ra8 36. Nb6 Rab8 37. Nd5 f5 38. Qh4 f4 39. g3 fxg3 40. Qxg3 h6 41. Kg2 Kh7 42. Ne3 Rxf2+ 43. Rxf2 Rf8 44. Ng4 Rxf2+ 45. Qxf2 h5 46. Ne3 Bh6 47. Nc4 Bg7 48. Qf3 Qe7 49. Bc1 Nd4 50. Qf2 Qe6 51. Nxa5 Qa6 52. Nc4 Qa2 53. Be3 Nxc2 54. d4 exd4 55. Bf4 Qxb3 56. Ne5 Ne3+ 57. Bxe3 dxe3 58. Qf4 Qb2+ 59. Kg3 Bxe5 0-1


[Site "https://www.chess.com"]

[Event "Titled Tuesday Blitz April 19 Early 2022"]
[White "Postnikov, Daniil"]
[Black "Svane, Frederik"]
[WhiteFideId "4166329"]
[BlackFideId "12923044"]
[WhiteElo "2261"]
[BlackElo "2459"]
[Result "0-1"]
[Round "06"]
[TimeControl "180+1"]
[Date "2022.04.19"]
[WhiteClock "0:00:06"]
[BlackClock "0:00:03"]

1. d4 Nf6 2. c4 e6 3. Nf3 d5 4. g3 Bb4+ 5. Bd2 Be7 6. Bg2 O-O 7. O-O c6 8. Qc2 b6 9. Nc3 Ba6 10. Ne5 Nfd7 11. cxd5 Nxe5 12. d6 Bxd6 13. dxe5 Bxe5 14. Rfd1 Qc7 15. Qe4 Bb7 16. Rac1 Nd7 17. Nb5 Qb8 18. Bc3 Bxc3 19. Nxc3 Nf6 20. Qh4 c5 21. e4 Rd8 22. Rxd8+ Qxd8 23. Rd1 Qc7 24. e5 Ne8 25. Bxb7 Qxb7 26. Rd8 h6 27. Rxa8 Qxa8 28. Qe7 Qc6 29. Qxa7 Nc7 30. Qb8+ Kh7 31. Qc8 c4 32. a4 Qc5 33. Qd7 Kg6 34. Qd6 Na6 35. Ne4 Qxd6 36. exd6 Nb8 37. Nd2 Kf6 38. Nxc4 Nd7 39. b4 e5 40. a5 b5 41. Nb6 Nb8 42. Nd5+ Ke6 43. Nc7+ Kxd6 44. Nxb5+ Kd5 0-1


[Site "https://www.chess.com"]

[Event "Titled Tuesday Blitz April 19 Early 2022"]
[White "Pourkashiyan, Atousa"]
[Black "Maksimenko, Viktor"]
[WhiteFideId "12502014"]
[BlackFideId "13710478"]
[WhiteElo "2247"]
[BlackElo "2269"]
[Result "0-1"]
[Round "06"]
[TimeControl "180+1"]
[Date "2022.04.19"]
[WhiteClock "0:00:52"]
[BlackClock "0:01:25"]

1. e4 c6 2. d4 d5 3. Nd2 dxe4 4. Nxe4 Nf6 5. Nxf6+ exf6 6. c3 Bd6 7. Bd3 O-O 8. Be3 Na6 9. Ne2 Nc7 10. Qc2 h5 11. O-O Re8 12. Rfe1 Nd5 13. Bd2 h4 14. h3 Be6 15. c4 Nb4 16. Bxb4 Bxb4 17. Red1 Bd6 18. Bh7+ Kh8 19. Bf5 Bxf5 20. Qxf5 g6 21. Qf3 f5 22. d5 c5 23. Nf4 Kg7 24. Re1 Qg5 25. Nd3 Qd2 26. Rad1 Qc2 27. Rc1 Rxe1+ 28. Rxe1 Qxc4 29. Rc1 Qd4 30. b3 b5 31. Ne1 Re8 32. Rd1 Qe5 33. Qd3 Qh2+ 0-1


[Site "https://www.chess.com"]

[Event "Titled Tuesday Blitz April 19 Early 2022"]
[White "Qashashvili, Alexandre"]
[Black "Kaiyrbekov, Rustam"]
[WhiteFideId "13600842"]
[BlackFideId "13702424"]
[WhiteElo "2316"]
[BlackElo "2134"]
[Result "1-0"]
[Round "06"]
[TimeControl "180+1"]
[Date "2022.04.19"]
[WhiteClock "0:01:13"]
[BlackClock "0:00:46"]

1. e4 c5 2. Nc3 Nc6 3. Nf3 Nf6 4. d3 g6 5. Be3 d6 6. Qd2 h5 7. h3 Bg7 8. Be2 a6 9. O-O b5 10. a3 Rb8 11. Rab1 b4 12. axb4 Nxb4 13. e5 Nfd5 14. Nxd5 Nxd5 15. exd6 exd6 16. Bg5 Nf6 17. b4 Rxb4 18. Rxb4 cxb4 19. Qxb4 O-O 20. c4 Re8 21. Bd1 Qd7 22. Ba4 Qe6 23. Bxe8 Nxe8 24. Re1 Qd7 25. Re7 Qc6 26. d4 Bf6 27. d5 Qc5 28. Rxe8+ 1-0


[Site "https://www.chess.com"]

[Event "Titled Tuesday Blitz April 19 Early 2022"]
[White "Ratnakaran, K."]
[Black "Polster, Christian"]
[WhiteFideId "5005507"]
[BlackFideId "12965081"]
[WhiteElo "2407"]
[BlackElo "2328"]
[Result "0-1"]
[Round "06"]
[TimeControl "180+1"]
[Date "2022.04.19"]
[WhiteClock "0:01:40"]
[BlackClock "0:00:06"]

1. e4 c5 2. Nf3 d6 3. d4 cxd4 4. Nxd4 Nf6 5. Nc3 a6 6. a4 g6 7. Be2 Bg7 8. h4 O-O 9. h5 Nc6 10. hxg6 hxg6 11. Bh6 Bxh6 12. Rxh6 Kg7 13. Rh1 Qb6 14. Nb3 Be6 15. Nd5 Bxd5 16. exd5 Ne4 17. Rf1 Ne5 18. a5 Qc7 19. f4 Nd7 20. Qd4+ Ndf6 21. Bd3 Nc5 22. g4 Nxd3+ 23. cxd3 Kg8 24. g5 Nh5 25. f5 Rac8 26. Rc1 Qd7 27. Rxc8 Rxc8 28. fxg6 fxg6 29. Qe4 Kg7 30. Qf3 e5 31. Kd2 Nf4 32. Rc1 Rxc1 33. Nxc1 Qf5 34. Qg3 Nxd5 35. Ne2 Kf7 36. Nc3 Nxc3 37. bxc3 Qf4+ 38. Qxf4+ exf4 39. Ke2 Ke6 40. Kf3 Kf5 41. d4 Kxg5 42. c4 Kf5 43. d5 Ke5 44. Kg4 g5 45. Kxg5 f3 46. Kg6 f2 47. Kf7 f1=Q+ 48. Ke7 Qxc4 0-1


[Site "https://www.chess.com"]

[Event "Titled Tuesday Blitz April 19 Early 2022"]
[White "Rodchenkov, Vitaly"]
[Black "Kotepalli, Sai Nirupama"]
[WhiteFideId "4152964"]
[BlackFideId "5039444"]
[WhiteElo "2337"]
[BlackElo "2398"]
[Result "0-1"]
[Round "06"]
[TimeControl "180+1"]
[Date "2022.04.19"]
[WhiteClock "0:01:07"]
[BlackClock "0:01:03"]

1. Nf3 Nc6 2. c4 g6 3. g3 Bg7 4. Bg2 Nf6 5. O-O O-O 6. d4 d6 7. Nc3 e5 8. d5 Ne7 9. e4 Nh5 10. Be3 f5 11. b4 f4 12. Bd2 h6 13. c5 a5 14. a3 g5 15. Be1 g4 16. Nd2 f3 17. Bh1 Nf6 18. Nc4 Nh7 19. cxd6 Ng5 20. Bg2 fxg2 21. Kxg2 cxd6 22. Nb5 Rf6 23. Bd2 Nxe4 24. Be3 Bd7 25. a4 axb4 26. Qb3 Bxb5 27. axb5 Rxa1 28. Rxa1 Qf8 29. Ra2 Nc3 30. Rb2 Nexd5 31. Nb6 Qf7 32. Nxd5 Qxd5+ 33. Qxd5+ Nxd5 0-1


[Site "https://www.chess.com"]

[Event "Titled Tuesday Blitz April 19 Early 2022"]
[White "Rottenwohrer Suarez, Juan"]
[Black "Petre, Nad-Titus"]
[WhiteFideId "32068182"]
[BlackFideId "1204165"]
[WhiteElo "2158"]
[BlackElo "2354"]
[Result "1/2-1/2"]
[Round "06"]
[TimeControl "180+1"]
[Date "2022.04.19"]
[WhiteClock "0:00:25"]
[BlackClock "0:00:26"]

1. d4 Nf6 2. c4 c5 3. d5 b5 4. cxb5 a6 5. bxa6 g5 6. Bxg5 Ne4 7. Nf3 Nxg5 8. Nxg5 Bg7 9. Nc3 Bxa6 10. e4 Bxf1 11. Kxf1 h6 12. Nf3 d6 13. g3 Nd7 14. Kg2 Qa5 15. Nd2 Bxc3 16. bxc3 Qxc3 17. Qe2 h5 18. h4 Ne5 19. Nf3 Ra3 20. Nxe5 Qxe5 21. Rab1 O-O 22. Rb3 Rxb3 23. axb3 Rb8 24. Qd3 Rb4 25. Re1 Qb2 26. Re3 Rd4 27. Qe2 Rd2 28. Qxh5 Rxf2+ 29. Kh3 Qc1 30. Qg4+ Kf8 31. Qc8+ Kg7 32. Qg4+ Kh6 33. Qg5+ Kh7 34. Qh5+ Kg8 35. Qg4+ Kf8 36. Qc8+ Kg7 37. Qg4+ Kf8 1/2-1/2


[Site "https://www.chess.com"]

[Event "Titled Tuesday Blitz April 19 Early 2022"]
[White "Sailer, Mike"]
[Black "Derjabin, Ilja"]
[WhiteFideId "2012901"]
[BlackFideId "14104768"]
[WhiteElo "2109"]
[BlackElo "2341"]
[Result "0-1"]
[Round "06"]
[TimeControl "180+1"]
[Date "2022.04.19"]
[WhiteClock "0:00:05"]
[BlackClock "0:00:55"]

1. d4 c5 2. e3 Nf6 3. Nf3 g6 4. Be2 Bg7 5. O-O O-O 6. c4 cxd4 7. exd4 d5 8. c5 Nc6 9. h3 Ne4 10. Nc3 Bf5 11. Bf4 Qa5 12. Rc1 Nxc3 13. bxc3 f6 14. Qb3 e5 15. Be3 Rad8 16. Rfd1 e4 17. Nd2 Bc8 18. Nxe4 f5 19. Nd6 f4 20. Qxd5+ Kh8 21. Bd2 Ne7 22. Nf7+ Rxf7 23. Qxf7 Nf5 24. Bxf4 Rf8 25. Qc4 Nh4 26. Bg4 Rxf4 27. Bxc8 Qc7 28. Bg4 Bh6 29. Re1 Rf8 30. Rcd1 Qc6 31. Qe2 Qxg2# 0-1


[Site "https://www.chess.com"]

[Event "Titled Tuesday Blitz April 19 Early 2022"]
[White "Salem, A.R. Saleh"]
[Black "Chen, Qi b"]
[WhiteFideId "9301348"]
[BlackFideId "8614733"]
[WhiteElo "2657"]
[BlackElo "2432"]
[Result "1-0"]
[Round "06"]
[TimeControl "180+1"]
[Date "2022.04.19"]
[WhiteClock "0:00:44"]
[BlackClock "0:00:04"]

1. Nf3 Nf6 2. c4 e6 3. g3 d5 4. b3 a5 5. Bb2 a4 6. Na3 axb3 7. axb3 Be7 8. Bg2 O-O 9. O-O c6 10. d3 Na6 11. Nc2 Nd7 12. Re1 Rb8 13. d4 Nb4 14. e4 dxe4 15. Rxe4 Nxc2 16. Qxc2 b5 17. c5 b4 18. h4 Nf6 19. Ne5 Qc7 20. Bc1 Nd5 21. h5 Bd7 22. h6 g6 23. Rg4 f5 24. Bxd5 exd5 25. Nxg6 fxg4 26. Nxe7+ Kh8 27. Qe2 Rbe8 28. Ra7 1-0


[Site "https://www.chess.com"]

[Event "Titled Tuesday Blitz April 19 Early 2022"]
[White "Sanal, Vahap"]
[Black "Fonseca Manrique, Enrique"]
[WhiteFideId "6300545"]
[BlackFideId "5114330"]
[WhiteElo "2603"]
[BlackElo "2557"]
[Result "1-0"]
[Round "06"]
[TimeControl "180+1"]
[Date "2022.04.19"]
[WhiteClock "0:01:51"]
[BlackClock "0:00:38"]

1. e4 c5 2. Nf3 e6 3. d4 cxd4 4. Nxd4 Nc6 5. Nc3 Qc7 6. g3 a6 7. Bg2 Bc5 8. Nxc6 bxc6 9. Qd3 e5 10. Be3 Bxe3 11. Qxe3 Rb8 12. b3 Nf6 13. Rd1 d6 14. O-O Bg4 15. Rd2 Ke7 16. h3 Be6 17. Kh2 Qb6 18. Qd3 Rhd8 19. Na4 Qb4 20. c3 Qb5 21. c4 Qb4 22. f4 a5 23. f5 Bc8 24. g4 h6 25. Rfd1 Ba6 26. Qg3 Bxc4 27. bxc4 Qxa4 28. Rxd6 Rxd6 29. Qxe5+ Re6 30. Qc7+ 1-0


[Site "https://www.chess.com"]

[Event "Titled Tuesday Blitz April 19 Early 2022"]
[White "Sanchez, Robert"]
[Black "Kadam, Om Manish"]
[WhiteFideId "2034360"]
[BlackFideId "45076294"]
[WhiteElo "2391"]
[BlackElo "1729"]
[Result "0-1"]
[Round "06"]
[TimeControl "180+1"]
[Date "2022.04.19"]
[WhiteClock "0:01:22"]
[BlackClock "0:02:17"]

1. e4 c6 2. d4 d5 3. e5 c5 4. Nf3 Nc6 5. dxc5 Bg4 6. Bb5 e6 7. Be3 Qa5+ 8. Nc3 Ne7 9. O-O O-O-O 10. Bd4 Bxf3 11. gxf3 Nxd4 12. Qxd4 Nf5 13. Qf4 Bxc5 14. a3 Bd4 15. Bd3 g5 16. Qg4 h5 17. Qh3 g4 18. fxg4 hxg4 19. Qg2 Nh4 20. Qg3 Nf3+ 0-1


[Site "https://www.chess.com"]

[Event "Titled Tuesday Blitz April 19 Early 2022"]
[White "Sarana, Alexey"]
[Black "Ibarra Jerez, Jose Carlos"]
[WhiteFideId "24133795"]
[BlackFideId "2226332"]
[WhiteElo "2666"]
[BlackElo "2626"]
[Result "1/2-1/2"]
[Round "06"]
[TimeControl "180+1"]
[Date "2022.04.19"]
[WhiteClock "0:00:06"]
[BlackClock "0:00:11"]

1. d4 Nf6 2. c4 e6 3. Nc3 d5 4. cxd5 exd5 5. Bg5 Be7 6. e3 c6 7. Bd3 Nbd7 8. h3 h6 9. Bf4 Nb6 10. Nf3 Be6 11. Ne5 Bd6 12. Qf3 Qe7 13. Rc1 Rd8 14. a3 a5 15. O-O O-O 16. Bb1 Nc4 17. Nxc4 dxc4 18. Bxd6 Rxd6 19. Rcd1 Rfd8 20. a4 Qe8 21. Qf4 b5 22. Rc1 Nd5 23. Qe4 Nf6 24. Qe5 b4 25. Ne2 Rd5 26. Qc7 Rc8 27. Qf4 c5 28. Rxc4 Rg5 29. Rxc5 Rcxc5 30. dxc5 Bxh3 31. Ng3 Nh5 32. Nxh5 Bxg2 33. Ng3 Bxf1 34. Kxf1 Rxc5 35. Bd3 g6 36. b3 Qe5 37. Qf3 Kg7 38. Kg2 h5 39. Qb7 Rc7 40. Qe4 Qxe4+ 41. Nxe4 f5 42. Ng5 Kf6 43. Nf3 g5 44. Nd4 f4 45. Bc4 fxe3 46. fxe3 g4 47. Kg3 Re7 48. Kf4 g3 49. Kxg3 Rxe3+ 50. Kf4 Rc3 51. Ke4 h4 52. Nf3 h3 53. Kf4 Ke7 54. Kg4 Kd6 55. Bg8 h2 56. Nxh2 Kc5 57. Nf3 Rc1 58. Kf4 Rd1 59. Ke3 Rd8 60. Bc4 Rd7 61. Ne1 Re7+ 62. Kd2 Rd7+ 63. Kc2 Kd4 64. Kd2 Ke4+ 65. Ke2 Kd4 66. Nf3+ Kc3 67. Ke3 Re7+ 68. Kf4 Re2 69. Bxe2 Kxb3 70. Ke3 Kxa4 71. Nd4 b3 72. Kd2 Ka3 73. Kc3 b2 74. Nc2+ Ka4 75. Bh5 b1=Q 76. Be8+ Qb5 77. Bxb5+ Kxb5 78. Na3+ Ka4 79. Kb2 Kb4 80. Nc2+ Kc5 81. Ka3 Kd6 82. Ka4 Kc6 83. Kxa5 1/2-1/2


[Site "https://www.chess.com"]

[Event "Titled Tuesday Blitz April 19 Early 2022"]
[White "Seemann, Jakub"]
[Black "Donchenko, Alexander"]
[WhiteFideId "21874697"]
[BlackFideId "24603295"]
[WhiteElo "2003"]
[BlackElo "2539"]
[Result "1-0"]
[Round "06"]
[TimeControl "180+1"]
[Date "2022.04.19"]
[WhiteClock "0:00:05"]
[BlackClock "0:00:03"]

1. d4 d5 2. c4 dxc4 3. e4 b5 4. a4 c6 5. Nc3 Qb6 6. axb5 cxb5 7. Nd5 Qb7 8. Bf4 e5 9. Bxe5 Nc6 10. Bf4 Bb4+ 11. Ke2 Ba5 12. Bd6 Nf6 13. Nxf6+ gxf6 14. Nf3 Bb4 15. Bxb4 Nxb4 16. d5 Bg4 17. Qd4 Qe7 18. Kd2 O-O 19. h3 Bh5 20. Nh4 Rfe8 21. f3 Bg6 22. g4 Qd6 23. Kc3 a5 24. Nf5 Bxf5 25. gxf5 Kh8 26. f4 a4 27. Rg1 Rg8 28. Be2 Rxg1 29. Rxg1 a3 30. Bf3 axb2 31. e5 Na2+ 32. Kc2 Qa3 33. e6 Qb3+ 34. Kd2 c3+ 35. Ke2 Qc2+ 36. Ke3 Qd2+ 37. Qxd2 cxd2 38. e7 Nc3 39. d6 Re8 40. Kxd2 b1=Q 41. Rxb1 Nxb1+ 42. Kc1 Nc3 43. d7 Rxe7 44. d8=Q+ Kg7 45. Qxe7 1-0


[Site "https://www.chess.com"]

[Event "Titled Tuesday Blitz April 19 Early 2022"]
[White "Seo, Jung Min"]
[Black "Zhigalko, Sergei"]
[WhiteFideId "1734687"]
[BlackFideId "13502956"]
[WhiteElo "2401"]
[BlackElo "2662"]
[Result "1-0"]
[Round "06"]
[TimeControl "180+1"]
[Date "2022.04.19"]
[WhiteClock "0:00:26"]
[BlackClock "0:00:01"]

1. d4 Nf6 2. c4 e6 3. Nf3 b6 4. a3 Ba6 5. e3 d5 6. Nbd2 Be7 7. b3 O-O 8. Bb2 c5 9. Be2 Nc6 10. cxd5 Bxe2 11. Qxe2 Nxd5 12. dxc5 Bxc5 13. O-O Rc8 14. Rfc1 Be7 15. Ne4 Qd7 16. h3 h6 17. Nc3 Rfd8 18. Rd1 Nxc3 19. Bxc3 Qb7 20. Rxd8+ Nxd8 21. Bb2 Nc6 22. b4 Bf8 23. Rd1 Ne7 24. Ne5 Nd5 25. Qf3 a6 26. Bd4 b5 27. Nd3 Rc2 28. e4 Nc3 29. Re1 Qd7 30. Bc5 Bxc5 31. Nxc5 Qd2 32. Rf1 a5 33. e5 Ne2+ 34. Kh1 axb4 35. Qa8+ Kh7 36. Qe4+ Kh8 37. axb4 Rc1 38. Qa8+ Kh7 39. Qe4+ f5 40. exf6+ 1-0


[Site "https://www.chess.com"]

[Event "Titled Tuesday Blitz April 19 Early 2022"]
[White "Shandrygin, Nikita"]
[Black "Shyaamnikhil P"]
[WhiteFideId "24198668"]
[BlackFideId "5024218"]
[WhiteElo "2323"]
[BlackElo "2329"]
[Result "1/2-1/2"]
[Round "06"]
[TimeControl "180+1"]
[Date "2022.04.19"]
[WhiteClock "0:00:05"]
[BlackClock "0:00:14"]

1. Nf3 Nf6 2. g3 c5 3. d4 cxd4 4. Nxd4 Nc6 5. Bg2 Qb6 6. Nb3 d5 7. O-O Bf5 8. Nc3 e6 9. Be3 Qd8 10. Bc5 Bxc5 11. Nxc5 Qe7 12. Nb3 O-O 13. e3 Nb4 14. Nd4 Bg6 15. a3 Nc6 16. Qd2 e5 17. Nb3 Rad8 18. Rfd1 e4 19. Ne2 Bh5 20. Nbd4 Nxd4 21. exd4 Ne8 22. Re1 Bxe2 23. Rxe2 f5 24. c4 dxc4 25. f3 Nd6 26. Rae1 Rde8 27. Qb4 Qf6 28. fxe4 fxe4 29. Qc5 b6 30. Qd5+ Kh8 31. Bxe4 Nxe4 32. Rxe4 Qf2+ 33. Kh1 Qf3+ 34. Kg1 Qf2+ 35. Kh1 Qxe1+ 36. Rxe1 Rxe1+ 37. Kg2 Re2+ 38. Kh3 Rxb2 39. Qxc4 Rd2 40. Qb4 Rff2 41. Qd6 Rxh2+ 42. Kg4 h6 43. Qd8+ Kh7 44. Qd5 Rhf2 45. Qe4+ Kg8 46. Qe6+ Rf7 47. Qe8+ Rf8 48. Qe6+ Kh8 49. Qd6 Re8 50. Qd7 Re4+ 51. Kf5 Rexd4 52. Qe8+ Kh7 53. Qg6+ Kg8 54. Qe8+ Kh7 55. Qg6+ Kg8 56. Qe8+ Kh7 1/2-1/2


[Site "https://www.chess.com"]

[Event "Titled Tuesday Blitz April 19 Early 2022"]
[White "Sharafiev, Azat"]
[Black "Kostiukov, Alexandr"]
[WhiteFideId "4186214"]
[BlackFideId "14108100"]
[WhiteElo "2299"]
[BlackElo "2202"]
[Result "1-0"]
[Round "06"]
[TimeControl "180+1"]
[Date "2022.04.19"]
[WhiteClock "0:00:12"]
[BlackClock "0:00:02"]

1. Nf3 g6 2. e4 c5 3. d4 cxd4 4. Nxd4 Bg7 5. c4 Nc6 6. Nc2 Nf6 7. Nc3 O-O 8. Be2 d6 9. O-O Nd7 10. Qd2 Nc5 11. f3 f5 12. exf5 Bxf5 13. b3 Qd7 14. Bb2 Bxc2 15. Qxc2 Nd4 16. Qd2 e5 17. Nd5 Nce6 18. Bd3 Kh8 19. Be4 Rae8 20. Rad1 Rf7 21. Ne3 Bh6 22. Qc3 Kg8 23. Rf2 Nc5 24. Bd5 Nce6 25. Ng4 Bg7 26. Qe3 Kh8 27. Qe1 Rf4 28. Kh1 h5 29. Ne3 Kh7 30. Rfd2 Nc5 31. Nc2 Nce6 32. Nb4 a5 33. Nd3 b6 34. Nxf4 Nxf4 35. Be4 Nfe6 36. Qh4 Qf7 37. Qxh5+ Bh6 38. Qh4 Kg7 39. Rd3 Nf4 40. Rxd4 exd4 41. Rxd4 Kh7 42. Rxd6 Re6 43. Qd8 Re8 44. Qd7 Re7 45. Qd8 Bg7 46. Bxg7 Kxg7 47. g3 Ne6 48. Qxb6 Nc7 49. Rxg6+ Kf8 50. Qxa5 Rxe4 51. Qc5+ Re7 52. Qh5 Ke8 53. Rg8+ Kd7 54. Qxf7 Rxf7 55. Kg2 Ne6 56. h4 Nd4 57. f4 Nf5 58. h5 Nh6 59. Rg6 Nf5 60. Kf3 Nd4+ 61. Kg4 Ne6 62. h6 1-0


[Site "https://www.chess.com"]

[Event "Titled Tuesday Blitz April 19 Early 2022"]
[White "Shtyka, Sergey"]
[Black "Skytte, Rasmus"]
[WhiteFideId "4138465"]
[BlackFideId "1404210"]
[WhiteElo "2014"]
[BlackElo "2430"]
[Result "0-1"]
[Round "06"]
[TimeControl "180+1"]
[Date "2022.04.19"]
[WhiteClock "0:00:53"]
[BlackClock "0:00:18"]

1. e4 c6 2. Nf3 d5 3. Nc3 dxe4 4. Nxe4 Nf6 5. Nxf6+ exf6 6. g3 Bd6 7. Bg2 O-O 8. O-O Re8 9. d4 Nd7 10. c3 Nf8 11. Re1 Be6 12. Be3 Qd7 13. Qd2 Rad8 14. Bf4 Bxf4 15. Qxf4 Ng6 16. Qd2 Bg4 17. Rxe8+ Rxe8 18. Re1 Bxf3 19. Bxf3 Rxe1+ 20. Qxe1 Qe7 21. Qxe7 Nxe7 22. Kf1 Kf8 23. Ke2 Ke8 24. Kd3 Kd7 25. b4 b5 26. Bd1 Kd6 27. a4 a6 28. a5 g6 29. Bg4 f5 30. Bf3 Nd5 31. Be2 f6 32. f4 g5 33. fxg5 fxg5 34. Bh5 f4 35. Bf7 fxg3 36. hxg3 h6 37. Bg6 Nf6 38. Bf5 h5 39. c4 bxc4+ 40. Kxc4 h4 41. gxh4 gxh4 42. Bc8 Nd7 43. b5 cxb5+ 44. Kb4 h3 45. Bb7 h2 46. Bg2 Nf6 47. Kc3 Nd5+ 48. Kd2 b4 0-1


[Site "https://www.chess.com"]